 Dungeon Crawl Stone Soup version 0.23.2-1-ga50397a6bc (webtiles) character file.

Game seed: 8082432285857860425

206 FluffierThanThou the Grave Robber (level 5, -4/45 HPs)
             Began as a Deep Dwarf Necromancer on May 16, 2019.
             Slain by Purgy (5 damage)
             ... in a sewer.
             The game lasted 00:33:41 (2864 turns).

FluffierThanThou the Grave Robber (DDNe)            Turns: 2864, Time: 00:33:41

Health: -4/45      AC:  4    Str: 11    XL:     5   Next: 53%
Magic:  2/9        EV: 13    Int: 17    God:
Gold:   119        SH:  0    Dex: 13    Spells: 4/9 levels left

rFire    . . .     SeeInvis .   b - +0 hunting sling
rCold    . . .     Gourm    .   (no shield)
rNeg     . . .     Faith    .   l - +0 robe
rPois    .         Spirit   .   (no helmet)
rElec    .         Reflect  .   n - +0 cloak
rCorr    .         Harm     .   (no gloves)
MR       .....                  p - +0 pair of boots
Stlth    ++........             (no amulet)
HPRegen  0.00/turn              (no ring)
MPRegen  0.11/turn              (no ring)

@: very slightly contaminated, non-regenerating
A: damage resistance, heal wounds, sense surroundings 1, no regeneration
a: Heal Wounds


You were in a sewer.
You were very hungry.

You visited 1 branch of the dungeon, and saw 3 of its levels.
You also visited: Sewer.

You collected 119 gold pieces.

Inventory:

Hand Weapons
 a - a +0 dagger
 b - a +0 hunting sling (weapon)
Missiles
 e - 116 stones (quivered)
Armour
 l - a +0 robe (worn)
 n - a +0 cloak (worn)
 p - a +0 pair of boots (worn)
Scrolls
 g - a scroll of teleportation
 h - a scroll of remove curse {unknown}
 j - 6 scrolls of identify
 m - a scroll of immolation {unknown}
 o - a scroll of noise {unknown}
Potions
 d - 2 potions of degeneration {unknown}
 f - a potion of mutation {unknown}
 i - a potion of invisibility {unknown}
 k - 2 potions of flight {unknown}
Comestibles
 c - 4 rations
 q - 3 chunks of flesh


   Skills:
 + Level 1.7 Fighting
 * Level 2.3 Slings
 + Level 3.5 Dodging
 - Level 2.4 Stealth
 + Level 2.8 Spellcasting
 + Level 5.0 Necromancy


You had 4 spell levels left.
You knew the following spells:

 Your Spells              Type           Power        Failure   Level  Hunger
a - Pain                  Necr           ###.         2%          1    #......
b - Animate Skeleton      Necr           N/A          2%          1    #......
c - Vampiric Draining     Necr           ###.......   7%          3    ###....

Your spell library contained the following spells:

 Spells                   Type           Power        Failure   Level  Hunger
 Animate Dead             Necr           N/A          22%         4    #####..
 Regeneration             Chrm/Necr      Unusable     N/A         3    N/A

Dungeon Overview and Level Annotations

Branches:
Dungeon (3/15)

Altars:
Fedhas

Annotations:
Sewer Purgy


Innate Abilities, Weirdness & Mutations

You are resistant to damage.
You can heal yourself by infusing magical energy.
You passively map a small area around you.
You do not regenerate.


Message History

Press: ? - help, Shift-Dir - straight line, f/p - Purgy
Aim: Purgy (lightly wounded, chance to defeat MR: 84%) Purgy writhes in agony.
Your jackal skeleton bites Purgy but does no damage.
Purgy completely misses you. Purgy claws you. Purgy barely misses you.
Your jackal skeleton barely misses Purgy.
Casting: Pain (safe; 2% risk of failure)
Confirm with . or Enter, or press ? or * to list all spells.
Aiming: Pain (safe; 2% risk of failure)
Press: ? - help, Shift-Dir - straight line, f/p - Purgy
Aim: Purgy (lightly wounded, chance to defeat MR: 84%) Purgy writhes in agony.
Your jackal skeleton bites Purgy.
Purgy bites you. Purgy claws you but does no damage. Purgy barely misses you.
Casting: Pain (safe; 2% risk of failure)
Confirm with . or Enter, or press ? or * to list all spells.
Aiming: Pain (safe; 2% risk of failure)
Press: ? - help, Shift-Dir - straight line, f/p - Purgy
Aim: Purgy (lightly wounded, chance to defeat MR: 84%) Purgy writhes in agony.
Your jackal skeleton misses Purgy.
Purgy bites you.
You die...

######## ###......###
# ###.......≈..### ,)#
###.≈.Z.####≈....##≈/#
#.≈.≈.### ###≈..(≈###
≈.≈.≈## ##T@≈≈(.#
#.≈..≈### ###Z...≈###
###.≈≈.≈####.≈..≈##.%#
###..........### (#
###......### **#
########


You could see Purgy and a friendly jackal skeleton.

Vanquished Creatures
  A scorpion (D:2)
  A bullfrog skeleton (D:3)
  4 gnolls
  3 adders
  A worm (D:1)
  2 dart slugs
  A leopard gecko (D:2)
  3 giant cockroaches
  6 goblins
  6 hobgoblins
  5 jackals
  9 kobolds
  A quokka (D:2)
  A ball python (D:1)
  3 bats
  5 frilled lizards
  9 rats
61 creatures vanquished.

Vanquished Creatures (collateral kills)
  2 goblins
  A hobgoblin (D:1)
  A frilled lizard (D:1)
4 creatures vanquished.

Grand Total: 65 creatures vanquished

Notes
Turn   | Place    | Note
-------+----------+-------------------------------------------
     0 | D:1      | FluffierThanThou the Deep Dwarf Necromancer began the quest
                  | for the Orb.
     0 | D:1      | Reached XP level 1. HP: 15/15 MP: 3/3
     2 | D:1      | Learned a level 1 spell: Animate Skeleton
   411 | D:1      | Reached XP level 2. HP: 17/22 MP: 5/5
   669 | D:1      | Reached XP level 3. HP: 24/30 MP: 6/6
   816 | D:1      | Learned a level 3 spell: Vampiric Draining
   961 | D:1      | Reached skill level 1 in Fighting
  1884 | D:2      | Noticed a scorpion
  1950 | D:2      | Killed a scorpion
  1950 | D:2      | Reached skill level 1 in Slings
  1950 | D:2      | Reached XP level 4. HP: 20/38 MP: 1/7
  2209 | D:2      | Reached XP level 5. HP: 29/44 MP: 1/9
  2476 | D:2      | Reached skill level 5 in Necromancy
  2592 | D:3      | Found a blossoming altar of Fedhas.
  2687 | D:3      | Found a glowing drain.
  2719 | Sewer    | Entered a sewer
  2784 | Sewer    | Noticed Purgy
  2860 | Sewer    | HP: 1/45 [Purgy (2)]
  2864 | Sewer    | Slain by Purgy

Skill      XL: |  1  2  3  4  5 |
---------------+----------------+-----
Spellcasting   | 2 |  2.8
Fighting       | 1 |  1.7
Dodging        | 3 |  3.5
Slings         | 1 2 |  2.3
Necromancy     | 5 |  5.0
Stealth        | |  2.4

Action                   |  1- 3 |  4- 6 || total
-------------------------+-------+-------++-------
Melee: Unarmed           |     4 |       ||     4
       Dagger            |    63 |    48 ||   111
       Hunting sling     |     1 |       ||     1
 Fire: Hunting sling     |    94 |    52 ||   146
 Cast: Pain              |    25 |    20 ||    45
       Animate Skeleton  |    13 |     6 ||    19
       Vampiric Draining |     7 |    12 ||    19
  Use: Scroll            |     1 |       ||     1
 Stab: Distracted        |       |     1 ||     1
  Eat: Chunk             |     4 |     4 ||     8
Armor: Robe              |    12 |    24 ||    36
Dodge: Dodged            |    70 |    80 ||   150
